← All builds
Geo sea / Legion / Economy first / OBSERVED BUILD

Standard geo sea

Baseline cove-side sea play: bot lab then shipyard in the cove around 3:06, first Syracusia by 5:04, geothermal on time around 7:42 and an Advanced Metal Extractor to build up eco, transitioning into more Syracusia and Argonaut over the…

Usually shipyard in the cove (95%) · geo on time (89%)

#naval #eco · 19 distinct matches · 9 players · 41% of Legion Geo sea games · team won 47% of 19 · Recently observed

HOW TO PLAY IT

Key timing: First Syracusia by 5:18

  1. Take 3 mex and open into wind while starting the bot lab.
  2. Rush the bot lab finish for early defense on the coast.
  3. Get the shipyard up to start frigate production.
  4. Push the first Syracusia frigate out for sea control.
  5. Layer geothermal and advanced mex, then keep feeding the Syracusia navy.

Phase by phase

TYPICAL OF ITS 19 GAMES · AGAINST STANDARD GEO SEA
  1. 1
  2. 2
  3. 3
  4. 4
PLAY THE OPENING

Follow the example game's first 6:00 step by step: what to build now, what comes next, and where it goes. At 1× it keeps pace with your own game.

  1. 1

    Up to the Legion Bot Lab

    Economy
    • Metal Extractor3Mex
    Order
    1. Legion Bot LabLegion Bot Lab after 3 mexdone ~1:07, middle half 1:01–1:14

    Some games also: solar (47%) · wind (47%)

    The standard build makes here, this one skips: 3 wind

    By 0:50 in all: 3 mex

    The example game in this phase · 3 steps
    1. Mex ×3
    2. Wind ×2for Air
    3. Legion Bot LabLegion Bot Labdone 1:12 · typical 1:07
  2. 2

    Legion Bot Lab to Shipyard

    Economy
    • Metal Extractor1Mex
    Order
    1. ShipyardShipyard after 4 mex, 3 wind, 1 solardone ~3:06, middle half 2:36–3:41
    Builders
    • Zagreus3 Zagreus
    • Legion Construction Bot3 Legion Construction Bot

    Some games also: wind (47%) · con turret (37%) · Goblin (32%) · wind for allies (32%)

    The standard build makes here, this one skips: 3 wind

    By 2:38 in all: 4 mex · 3 wind (standard 5) · 1 solar

    The example game in this phase · 3 steps
    1. Legion Construction BotLegion Construction Bot
    2. ZagreusZagreus ×3
    3. ShipyardShipyarddone 2:32 · typical 3:06
  3. 3

    Shipyard to 5:00

    Economy
    • Metal Extractor4Mex
    • Wind Turbine2Wind
    Builders
    • Construction Ship1 Con ship
    Army
    • Pharos1 Pharos
    • Argonaut2 Argonaut
    • Syracusia1 Syracusia

    Some games also: con turret (47%) · converter (47%) · Legion Drone (42%) · Radar Tower (42%) · Hippocampus (37%)

    The standard build makes here, this one skips: 2 converter · 2 Radar Tower

    By 5:00 in all: 8 mex · 4 wind (standard 9) · 1 solar · 1 energy storage · 1 con turret

    The example game in this phase · 17 steps
    1. Legion Construction BotLegion Construction Bot
    2. HippocampusHippocampus
    3. ZagreusZagreus
    4. HippocampusHippocampus
    5. Mex
    6. HippocampusHippocampus ×3
    7. Construction ShipCon ship
    8. IapetusIapetus
    9. Mex
    10. ArgonautArgonaut
    11. Radar TowerRadar Tower
    12. BrambleBramble
    13. ArgonautArgonaut
    14. Mex ×2
    15. SyracusiaSyracusiadone 5:33 · typical 5:04
    16. BrambleBramble
    17. Mex
  4. 4

    5:00 to 10:00

    Economy
    • Metal Extractor1Mex−2 vs standard
    • Wind Turbine14Wind
    • Energy Converter3Converter+3 vs standard
    • Energy Storage1Energy storage
    Order
    1. Geothermal PowerplantGeo after 9 mex, 9 wind, 3 converter
    Builders
    • Construction Turret2 Con turret
    • Dionysus1 Dionysus
    Army
    • Pharos1 Pharos −3 vs standard
    • Legion Drone10 Legion Drone

    Some games also: con ship (42%) · Hippocampus (32%)

    The standard build makes here, this one skips: 2 Bramble

    By 10:00 in all: 9 mex · 18 wind · 1 solar · 1 geo · 5 converter · 1 energy storage

    The example game in this phase · 133 steps
    1. Radar TowerRadar Tower
    2. Mex
    3. Energy storage
    4. Mex
    5. Legion DroneLegion Drone
    6. HippocampusHippocampus ×2
    7. Construction ShipCon ship
    8. Legion DroneLegion Drone
    9. IapetusIapetus
    10. Wind
    11. ArgonautArgonaut
    12. Mex
    13. Wind
    14. ArgonautArgonaut
    15. SyracusiaSyracusia
    16. Wind
    17. Naval Radar / Sonar TowerNaval Radar / Sonar Tower
    18. Con turret
    19. Wind
    20. Legion DroneLegion Drone ×2
    21. SyracusiaSyracusia
    22. Wind
    23. Legion DroneLegion Drone ×3
    24. ArgonautArgonaut
    25. Legion DroneLegion Drone
    26. Advanced Metal ExtractorT2 mexdone 9:24 · typical 9:11
    27. SyracusiaSyracusia
    28. Wind
    29. Legion DroneLegion Drone
    30. Wind ×3
    31. Legion DroneLegion Drone
    32. Converter
    33. Legion DroneLegion Drone
    34. Converter
    35. HippocampusHippocampus
    36. Legion DroneLegion Drone
    37. HippocampusHippocampus
    38. Wind ×2
    39. Construction ShipCon ship
    40. Wind
    41. Legion DroneLegion Drone ×2
    42. Wind
    43. IapetusIapetus
    44. Advanced Metal ExtractorT2 mex
    45. Wind ×2
    46. Mex
    47. Wind
    48. ArgonautArgonaut
    49. Wind ×2
    50. Mex
    51. Wind ×2
    52. Legion DroneLegion Drone
    53. Converter
    54. ArgonautArgonaut
    55. Wind
    56. Converter
    57. Wind
    58. SyracusiaSyracusia
    59. Legion DroneLegion Drone
    60. Mex
    61. Advanced Metal ExtractorT2 mex
    62. Wind ×3
    63. Legion DroneLegion Drone ×2
    64. Wind
    65. Geothermal PowerplantGeodone 12:18 · typical 7:42
    66. Legion DroneLegion Drone
    67. Wind
    68. Tidal ×3
    69. Wind
    70. Legion DroneLegion Drone ×2
    71. HippocampusHippocampus
    72. Legion DroneLegion Drone
    73. Construction ShipCon ship
    74. Wind ×2
    75. Advanced Metal ExtractorT2 mex
    76. Wind
    77. IapetusIapetus
    78. Legion DroneLegion Drone ×2
    79. Wind
    80. Naval Construction Turret
    81. Legion DroneLegion Drone
    82. ArgonautArgonaut
    83. Wind ×3
    84. Con turret
    85. Legion DroneLegion Drone
    86. ArgonautArgonaut
    87. Converter
    88. Con turret
    89. Naval Construction Turret
    90. SyracusiaSyracusia
    91. Naval Construction Turret
    92. Converter
    93. Legion DroneLegion Drone
    94. Wind
    95. HippocampusHippocampus
    96. Wind
    97. Construction ShipCon ship
    98. Wind
    99. IapetusIapetus
    100. Wind ×2
    101. ArgonautArgonaut
    102. Legion DroneLegion Drone
    103. Wind
    104. KeteaSubmarine
    105. Wind
    106. Converter
    107. Con turret
    108. KeteaSubmarine
    109. Converter
    110. KeteaSubmarine
    111. Wind
    112. KeteaSubmarine
    113. Advanced Metal ExtractorT2 mex
    114. Naval Radar / Sonar TowerNaval Radar / Sonar Tower
    115. Wind
    116. KeteaSubmarine
    117. Wind ×2
    118. KeteaSubmarine
    119. Wind
    120. Converter
    121. KeteaSubmarine
    122. Wind ×2
    123. KeteaSubmarine
    124. Converter
    125. Wind
    126. KeteaSubmarine
    127. Converter ×2
    128. KeteaSubmarine
    129. Converter ×2
    130. Wind
    131. ArgonautArgonaut
    132. Converter
    133. Wind

Counts are medians over the build's games: half of them build more, half fewer. The example game is Dad_The_Speedrunner's (36 OS, 07/09/2026); pick another.

Team trades

IN AT LEAST 30% OF ITS GAMES

You hand over

  • Wind Turbine2 Wind to Airfirst at 1:41 · in 58% of games

You get

  • Finch1 Finch from Airfirst at 1:47 · in 47% of games
  • Hercules1 Light transport from Airfirst at 2:10 · in 32% of games
  • Advanced Construction Bot1 T2 con bot from Techfirst at 7:32 · in 74% of games

How it plays out

Typical game of this build, running totals by minute

Metal produced

010k20k30k
0:005:0010:0015:00

metal

Enemy metal destroyed

05k10k
0:005:0010:0015:00

metal

Own metal lost

02k4k
0:005:0010:0015:00

metal

19 games.

Show as table
ByMetal produced: This buildEnemy metal destroyed: This buildOwn metal lost: This build
1:0039600
2:0092900
3:00162700
4:0028655251
5:00401419052
6:005343590118
7:006793615170
8:0082631382320
9:00102921700417
10:00122392261780
11:001491332351531
12:001794336352165
13:002024852952311
14:002356863333554
15:002793789533703
WHAT THE NUMBERS SAY

Standard geo sea sits near an even split on wins while destroying more metal than it loses by 15:00, typical for a contested sea role.

  • + Enemy metal destroyed reaches 7775 by 15:00 against 4863 lost.
  • + Syracusia dominates army composition at 43%, showing a clear naval focus.
  • − Team win rate is only 47%, essentially a coin flip.
  • − T2 factory only completes in 32% of games, so tech transition often stalls.
THE EXAMPLE YOU ARE READING

Dad_The_Speedrunner

35.7 OS · 07/09/2026

Open source match ↗

6 received units · includes a constructor
77 metal received · 46463 energy received

Allied construction assistance is unknown. Timings are observations, not a promise of solo reproducibility.

Typical milestones

Legion Bot Lab1:07Middle 50%: 1:01–1:14 · n=19
Shipyard3:06Middle 50%: 2:36–3:41 · n=19
Syracusia5:04Middle 50%: 4:33–5:48 · n=19
Geothermal Powerplant7:42Middle 50%: 6:57–9:56 · n=19
Advanced Metal Extractor9:11Middle 50%: 8:42–9:28 · n=13

Played most by

KingBenjai8games of this buildHighlyRegarded2games of this buildPRO_Rerory2games of this buildRysica2games of this buildarmjanus1game of this build